Map: Jardín de sombras

Players

MrFercho - Winner!

  • Race: Zerg Zerg
  • League: Gold
  • Spawn Location: 11:00

tigro - Winner!

  • Race: Terran Terran
  • League: Bronze
  • Spawn Location: 11:00

TATORREA - Winner!

  • Race: Protoss Protoss
  • League: Gold
  • Spawn Location: 7:00

IA (Élite)

  • Race: Terran Terran
  • Spawn Location: 1:00

IA (Élite)

  • Race: Protoss Protoss
  • Spawn Location: 5:00

IA (Élite)

  • Race: Zerg Zerg
  • Spawn Location: 7:00

IA (Élite)

  • Race: Protoss Protoss
  • Spawn Location: 5:00

IA (Élite)

  • Race: Terran Terran
  • Spawn Location: 1:00

VOD

Have the link to the VOD?

Description

Time

  • Played on: Aug. 7, 2020, 10:54 p.m.
  • Length: 20:29
Show
View Real Time Build Order
Export as new Build Order

MrFercho Zerg - Winner!

Build Orders: Pool First, Lurkers 

Get SALT Encoding   

  12  0:19  Spawning Pool  
  11  0:35  Drone x3  
  14  0:47  Overlord  
  14  1:08  Zergling x2  
  14  1:09  Zergling x2  
  16  1:15  Queen  
  18  1:23  Zergling x2  
  19  1:31  Zergling x2  
  20  1:41  Overlord  
  20  2:02  Zergling x4  
  22  2:15  Zergling x2  
  23  2:28  Zergling x2  
  23  2:41  Drone  
  24  2:48  Extractor  
  22  2:53  Zergling x2  
  20  3:08  Zergling x2  
  19  3:39  Zergling x6  
  22  3:41  Overlord  
  21  3:49  Zergling x2  
  21  3:50  Overlord  
  22  3:57  Metabolic Boost  
  22  4:07  Drone x3  
  25  4:31  Drone x3  
  28  4:47  Overlord x3  
  28  4:55  Extractor  
  27  5:11  Drone x3  
  30  5:25  Lair  
  30  5:38  Hatchery  
  30  5:40  Hatchery, Drone x3  
  31  5:51  Hatchery  
  30  6:13  Drone x3  
  33  6:20  Drone  
  33  6:21  Drone x2  
  36  6:27  Hydralisk Den  
  36  6:29  Evolution Chamber  
  34  6:35  Spire  
  34  6:38  Drone  
  34  6:41  Queen  
  36  6:54  Queen x2  
  36  7:00  Zerg Missile Weapons Level 1  
  40  7:06  Muscular Augments  
  40  7:12  Drone x5  
  45  7:17  Queen  
  47  7:24  Extractor  
  47  7:25  Queen  
  47  7:26  Extractor  
  47  7:40  Infestation Pit  
  46  7:50  Drone  
  46  7:51  Drone x4  
  51  7:53  Queen  
  53  8:17  Grooved Spines  
  53  8:23  Pneumatized Carapace  
  53  8:28  Hydralisk x2  
  53  8:32  Hatchery  
  56  8:38  Drone  
  56  8:39  Drone x3  
  60  8:51  Hive  
  60  9:01  Zerg Missile Weapons Level 2  
  60  9:09  Overlord  
  60  9:10  Overlord  
  60  9:26  Drone x2  
  62  9:33  Drone x7  
  62  9:34  Drone  
  70  9:48  Overlord  
  70  9:52  Hydralisk  
  70  9:53  Hydralisk x2  
  76  10:07  Drone x8  
  76  10:11  Extractor  
  76  10:14  Extractor  
  82  10:27  Drone x3  
  85  10:28  Drone  
  85  10:29  Drone x2  
  85  10:31  Drone x2  
  90  10:46  Greater Spire  
  90  10:47  Evolution Chamber  
  89  10:52  Lurker Den  
  88  10:58  Ultralisk Cavern  
  87  11:07  Drone  
  88  11:41  Hatchery  
  88  11:45  Drone x10  
  88  11:46  Drone x4  
  101  11:54  Hydralisk  
  101  11:55  Hydralisk x3  
  101  11:58  Overlord x5  
  101  11:59  Overlord x3  
  109  12:09  Overseer x3  
  109  12:19  Anabolic Synthesis  
  109  12:23  Zerg Missile Weapons Level 3, Zerg Ground Armor Level 1  
  109  12:25  Zerg Flyer Weapons Level 1  
  109  12:26  Corruptor x4  
  109  12:27  Corruptor x2  
  121  12:36  Extractor  
  120  12:37  Extractor  
  119  13:02  Chitinous Plating  
  119  13:06  Brood Lord x3  
  119  13:07  Brood Lord x3  
  119  13:09  Lurker  
  119  13:10  Lurker x3  
  119  13:12  Hydralisk  
  135  13:16  Drone  
  135  13:17  Drone x2  
  135  13:18  Drone x3  
  143  13:25  Seismic Spines  
  143  14:22  Adaptive Talons  
  143  14:24  Hydralisk x2  
  143  14:25  Hydralisk x16  
  143  14:27  Overlord x4  
  143  14:28  Overlord x4  
  179  14:32  Zerg Ground Armor Level 2  
  179  14:36  Zerg Flyer Armor Level 1  
  179  14:43  Spire  
  178  15:00  Zerg Melee Weapons Level 1  
  178  15:01  Hydralisk  
  178  15:02  Hydralisk x10  
  200  15:33  Adrenal Glands  
  190  15:44  Ultralisk x2  
  186  16:14  Zergling x4  
  186  16:15  Zergling x40  
  186  16:17  Zergling x4  
  184  17:00  Zerg Ground Armor Level 3, Zerg Melee Weapons Level 2  
  174  17:03  Zerg Flyer Weapons Level 2  
  134  17:44  Hydralisk  
  134  17:45  Hydralisk x20  
  134  17:46  Hydralisk x17  
Show
View Real Time Build Order
Export as new Build Order

tigro Terran - Winner!

Build Orders:  

Get SALT Encoding   

  12  0:13  SCV  
  13  0:17  Supply Depot  
  13  0:25  SCV  
  14  0:37  SCV  
  15  0:45  Barracks  
  15  0:49  SCV  
  16  0:57  Refinery  
  16  1:01  SCV  
  17  1:13  SCV  
  17  1:16  Supply Depot  
  18  1:25  SCV  
  18  1:28  Refinery  
  19  1:34  Marine  
  19  1:37  SCV  
  21  1:52  Marine  
  22  2:01  Factory  
  22  2:10  Marine  
  23  2:27  Marine  
  24  2:31  SCV  
  25  2:43  SCV  
  26  2:45  Marine  
  27  2:56  SCV  
  28  3:53  Factory Tech Lab  
  28  3:55  Barracks Tech Lab  
  28  4:02  Barracks  
  26  4:50  Combat Shield  
  26  4:54  Barracks Reactor  
  26  5:04  Siege Tank  
  28  5:08  Engineering Bay, Orbital Command  
  28  5:22  Starport  
  28  5:32  Marine  
  28  5:33  Marine x2  
  31  5:41  Siege Tank  
  34  5:50  Marine  
  34  5:51  Marine x2  
  37  6:00  Medivac  
  37  6:01  Starport  
  39  6:09  Stimpack  
  39  6:37  Missile Turret  
  39  6:41  Marine x3, Siege Tank  
  45  6:51  Starport Tech Lab  
  45  6:52  Starport Tech Lab  
  45  6:58  Marine x2  
  45  6:59  Missile Turret  
  45  7:01  Fusion Core  
  47  7:02  Armory  
  47  7:15  Supply Depot  
  47  7:19  Missile Turret  
  47  7:31  Terran Infantry Weapons Level 1  
  47  7:36  Marine  
  47  7:37  Marine  
  47  7:38  Supply Depot  
  47  7:39  Marine, Missile Turret  
  50  7:54  Marine x2  
  50  7:57  Marine  
  53  8:01  Supply Depot  
  53  8:12  Marine x2  
  54  8:13  Missile Turret  
  54  8:15  Marine  
  56  8:25  Supply Depot  
  56  8:30  Marine x2  
  58  8:35  Command Center  
  58  8:42  Missile Turret  
  58  8:47  Supply Depot  
  58  9:04  Missile Turret  
  58  9:07  Terran Vehicle Weapons Level 1  
  58  9:10  Weapon Refit  
  58  9:26  Terran Infantry Armor Level 1  
  58  9:34  Marine  
  58  9:35  Marine x2  
  61  9:43  Refinery  
  61  9:48  Refinery  
  61  9:52  Marine  
  61  9:53  Marine  
  63  10:01  SCV  
  64  10:14  SCV  
  65  10:26  SCV  
  66  10:38  SCV  
  67  10:50  SCV  
  67  10:51  Rapid Reignition System  
  68  11:01  Terran Vehicle And Ship Armor Level 1  
  68  11:06  Command Center  
  68  11:20  Neosteel Armor  
  62  12:32  Medivac x2  
  56  12:56  Terran Ship Weapons Level 1  
  55  13:00  Hi-Sec Auto Tracking  
  55  13:02  Thor, Battlecruiser  
  55  13:03  Battlecruiser  
  55  13:04  Marine x3  
  62  13:22  Marine x3  
  65  13:35  Refinery  
  65  13:40  Marine x3  
  68  13:56  Terran Infantry Weapons Level 2  
  68  13:58  Marine x3  
  71  14:07  Battlecruiser  
  77  14:16  Marine  
Show
View Real Time Build Order
Export as new Build Order

TATORREA Protoss - Winner!

Build Orders: Carriers 

Get SALT Encoding   

  12  0:03  Probe  
  13  0:15  Probe  
  13  0:18  Pylon  
  14  0:28  Probe  
  15  0:41  Probe (Chrono Boost)  
  16  0:43  Gateway  
  16  0:49  Assimilator  
  16  0:53  Probe (Chrono Boost)  
  17  1:00  Probe (Chrono Boost)  
  18  1:06  Gateway  
  18  1:11  Probe  
  19  1:22  Assimilator  
  19  1:24  Pylon  
  19  1:32  Cybernetics Core  
  19  1:34  Zealot  
  19  1:37  Probe  
  22  1:49  Probe  
  22  2:13  Stalker (Chrono Boost)  
  21  2:26  Warp Gate  
  21  2:32  Probe (Chrono Boost)  
  22  2:42  Probe (Chrono Boost)  
  22  2:44  Pylon  
  23  3:09  Stalker (Chrono Boost)  
  27  3:18  Stalker (Chrono Boost)  
  25  3:30  Probe  
  25  3:31  Stalker  
  28  3:41  Stalker  
  28  3:46  Pylon  
  30  3:50  Pylon  
  30  4:25  Protoss Air Weapons Level 1  
  31  4:38  Probe  
  31  4:41  Stalker  
  33  4:47  Robotics Facility  
  33  4:49  Robotics Facility  
  33  4:50  Probe  
  34  4:53  Pylon  
  34  4:57  Pylon  
  34  5:12  Pylon, Nexus  
  34  5:30  Probe (Chrono Boost)  
  35  5:40  Probe (Chrono Boost)  
  36  5:43  Assimilator  
  36  5:45  Immortal, Probe (Chrono Boost)  
  36  5:47  Assimilator  
  41  5:56  Probe  
  42  6:02  Immortal  
  46  6:08  Probe  
  47  6:20  Probe  
  48  6:26  Immortal  
  48  6:32  Probe  
  53  6:33  Probe  
  54  6:44  Probe  
  54  6:45  Probe  
  56  6:50  Stargate  
  56  6:56  Probe  
  56  6:57  Probe  
  56  7:01  Observer  
  59  7:05  Immortal  
  63  7:22  Probe x2  
  65  7:28  Immortal  
  69  7:34  Probe x2  
  71  7:46  Probe x2  
  73  7:54  Protoss Air Armor Level 1  
  73  7:58  Probe x2  
  75  7:59  Pylon  
  75  8:02  Pylon  
  75  8:11  Pylon  
  75  8:18  Immortal x2  
  83  8:36  Nexus  
  83  8:37  Pylon  
  83  8:42  Probe x2  
  85  8:54  Probe x2  
  87  8:58  Fleet Beacon  
  87  9:07  Probe x2  
  89  9:12  Pylon  
  89  9:19  Probe x2  
  91  9:31  Probe  
  91  9:32  Probe  
  91  9:37  Pylon x2  
  93  9:43  Pylon x2, Probe  
  93  9:44  Probe  
  95  9:49  Probe  
  95  9:50  Pylon x2  
  96  9:56  Probe x2  
  98  10:01  Probe  
  98  10:03  Assimilator  
  98  10:05  Assimilator  
  99  10:07  Stargate  
  99  10:09  Stargate  
  99  10:13  Stargate  
  99  10:27  Pylon  
  99  10:29  Nexus  
  99  10:32  Pylon  
  99  10:33  Protoss Air Weapons Level 2 (Chrono Boost)  
  99  10:34  Carrier  
  105  10:48  Probe x3  
  108  10:56  Carrier  
  114  10:59  Carrier  
  114  11:00  Probe x3  
  123  11:08  Carrier  
  129  11:18  Probe  
  129  11:19  Probe x2  
  132  11:31  Probe x3  
  135  11:38  Carrier  
  141  11:51  Assimilator  
  141  11:56  Assimilator  
  141  12:00  Carrier  
  147  12:03  Carrier  
  153  12:09  Cybernetics Core  
  153  12:12  Carrier, Forge  
  153  12:15  Forge  
  159  12:16  Forge  
  159  12:26  Probe  
  159  12:27  Probe x3  
  163  12:35  Protoss Air Armor Level 2 (Chrono Boost)  
  163  12:39  Probe x4  
  163  12:42  Carrier  
  173  13:03  Protoss Ground Armor Level 1 (Chrono Boost)  
  173  13:04  Carrier, Protoss Shields Level 1 (Chrono Boost)  
  179  13:08  Carrier  
  185  13:13  Protoss Ground Weapons Level 1 (Chrono Boost)  
  185  13:15  Carrier  
  185  13:19  Protoss Air Weapons Level 3 (Chrono Boost)  
  191  13:28  Twilight Council  
  191  13:35  Carrier  
  197  14:10  Templar Archives  
  197  14:15  Nexus  
  197  14:19  Pylon  
  197  14:20  Pylon  
  197  14:35  Blink  
  197  14:55  Protoss Shields Level 2 (Chrono Boost), Protoss Ground Armor Level 2 (Chrono Boost), Zealot  
  197  14:57  Protoss Air Armor Level 3 (Chrono Boost)  
  199  15:12  Protoss Ground Weapons Level 2 (Chrono Boost)  
  199  15:39  Assimilator  
  199  15:44  Assimilator  
  199  16:36  Charge  
  197  17:07  Nexus  
  197  17:11  Pylon  
  197  17:13  Pylon  
  197  17:18  Zealot  
  197  17:42  Zealot x2  
  193  18:10  Zealot x2  
  197  18:33  Zealot  
Show
View Real Time Build Order
Export as new Build Order

IA (Élite) Terran 

Build Orders:  

Get SALT Encoding   

  12  0:01  SCV  
  13  0:13  SCV  
  14  0:19  Supply Depot  
  14  0:25  SCV  
  15  0:41  SCV  
  16  0:44  Barracks  
  16  0:48  Refinery  
  16  0:53  SCV  
  17  1:05  Barracks, SCV  
  18  1:17  SCV  
  19  1:32  Marine, Orbital Command  
  20  1:45  Barracks  
  20  1:50  Marine  
  20  1:52  Marine  
  22  2:00  Supply Depot  
  22  2:03  SCV  
  23  2:11  Barracks Tech Lab x2  
  23  2:21  SCV  
  23  2:29  Marine x2  
  24  2:31  Marine  
  24  2:33  Stimpack  
  24  2:34  Concussive Shells  
  26  2:41  Supply Depot  
  26  2:47  Marine x2  
  26  2:49  Marine  
  25  3:05  Marine x2  
  27  3:06  SCV  
  27  3:07  Marine  
  27  3:23  Marine x2  
  27  3:25  Marine  
  29  3:35  Supply Depot  
  29  3:40  Marine  
  30  3:41  Marauder  
  30  3:42  Marine  
  30  3:45  Factory  
  30  3:47  Refinery  
  30  3:48  SCV  
  27  3:59  Marauder  
  27  4:00  Marine, SCV  
  28  4:05  Marine  
  28  4:12  SCV  
  29  4:24  Marine, SCV  
  29  4:29  Marine  
  29  4:31  Marine  
  30  4:34  Starport  
  30  4:36  SCV  
  29  4:42  Marine  
  30  4:46  Marine  
  30  4:48  SCV  
  30  4:50  Marine  
  33  4:59  Marine  
  31  5:00  SCV  
  31  5:05  Marauder  
  33  5:08  Marine  
  34  5:18  Marauder  
  35  5:26  Marine x2  
  35  5:39  Marine  
  33  5:43  Marine  
  33  5:44  Marine  
  33  5:45  Medivac  
  33  5:49  Supply Depot  
  35  5:56  Marine  
  35  6:00  Barracks  
  35  6:01  Marine  
  33  6:06  Command Center  
  33  6:10  Barracks Reactor  
  33  6:15  Marauder  
  34  6:22  Medivac  
  34  6:23  Marine  
  35  6:36  Marine  
  36  6:41  Marauder  
  36  6:46  Marine  
  36  6:47  Marine  
  39  6:48  Marine  
  39  6:53  Starport Reactor  
  41  6:54  Marauder  
  43  7:02  Marine  
  43  7:04  Marine  
  45  7:10  Marine  
  45  7:12  Supply Depot  
  45  7:14  Marine  
  49  7:16  Marauder  
  49  7:18  SCV  
  49  7:19  SCV  
  50  7:29  Medivac  
  52  7:31  SCV  
  52  7:32  SCV  
  54  7:42  Marauder  
  54  7:43  SCV  
  57  7:45  SCV  
  58  7:52  Marauder  
  58  7:55  Marine, SCV  
  58  7:57  SCV  
  63  8:04  Marauder  
  65  8:07  SCV  
  65  8:09  SCV  
  67  8:14  Marauder  
  67  8:19  SCV  
  70  8:23  Supply Depot, SCV  
  70  8:25  Marauder  
  72  8:27  Marine  
  72  8:31  SCV  
  74  8:35  Marauder, SCV  
  77  8:43  SCV  
  77  8:47  Marauder, SCV  
  81  8:49  Supply Depot  
  82  8:55  SCV  
  82  8:57  Marauder  
  84  9:03  SCV  
  84  9:07  SCV  
  84  9:08  Combat Shield  
  86  9:11  Marauder  
  86  9:15  Supply Depot  
  88  9:18  Marauder  
  90  9:26  Engineering Bay  
  90  9:32  Marauder  
  91  9:39  Marauder, Supply Depot  
  91  9:42  Marine x2  
  91  9:43  Marine  
  96  9:51  Engineering Bay  
  96  9:53  Terran Infantry Armor Level 1  
  96  9:54  Marauder, Orbital Command  
  96  9:59  Marine  
  98  10:00  Marine x2, Missile Turret  
  101  10:08  Command Center  
  101  10:13  Marine  
  91  10:14  Marine  
  91  10:16  Terran Infantry Weapons Level 1  
  91  10:18  Marine x2  
  91  10:19  Marine  
  63  10:31  Marine  
  63  10:32  Marine  
  63  10:35  Marine  
  63  10:36  Marine  
  63  10:37  Marine  
  57  10:48  Hellion  
  57  10:49  Marine  
  57  10:51  Marauder  
  57  10:53  Marine  
  57  10:54  Marine  
  57  10:55  Marine  
  60  11:05  Medivac  
  60  11:06  Marine  
  60  11:10  Medivac, Hellion  
  66  11:11  Marine  
  66  11:12  Marauder x2  
  66  11:13  Marine  
  65  11:22  SCV  
  65  11:23  SCV  
  65  11:24  Marine  
  65  11:25  SCV  
  64  11:29  Marine  
  64  11:31  Hellion, Marine  
  63  11:33  Marauder, Marine  
  63  11:34  SCV  
  64  11:42  Marine, SCV  
  64  11:44  SCV  
  64  11:46  SCV  
  64  11:47  Marine  
  68  11:49  Marine  
  68  11:51  Marauder  
  68  11:54  Marine, Factory Tech Lab  
  72  11:57  SCV  
  72  11:59  SCV  
  69  12:12  Hellion  
  69  12:13  Marauder  
  66  12:23  Marauder, SCV  
  66  12:29  SCV  
  65  12:33  Marine  
  65  12:34  Siege Tank  
  65  12:35  Marine, SCV  
  57  12:38  Marine  
  57  12:40  Marine  
  57  12:43  Command Center, SCV  
  58  12:44  Marine  
  58  12:47  SCV  
  58  12:51  Marine  
  52  12:53  Marine  
  52  12:55  SCV  
  52  12:56  Marine  
  50  12:58  Marine  
  50  13:00  SCV  
  50  13:08  SCV  
  50  13:09  Marine  
  50  13:11  Marauder  
  50  13:12  SCV  
  53  13:14  Marine  
  53  13:16  Marine  
  55  13:20  SCV  
  55  13:24  SCV  
  55  13:27  Marine  
  57  13:31  Marine  
  57  13:33  Marauder, SCV  
  57  13:34  Marine  
  62  13:36  SCV  
  64  13:44  Marine  
  64  13:45  Hellion, SCV  
  68  13:49  Marine, SCV  
  68  13:52  Marine  
  68  13:54  Marine  
  72  13:57  SCV  
  72  13:58  SCV  
  72  14:01  SCV  
  72  14:02  Marine  
  75  14:07  Hellion, Marine  
  75  14:09  SCV  
  79  14:10  SCV  
  79  14:12  Marauder  
  82  14:25  Viking  
  82  14:28  Hellion  
  82  14:29  Viking  
  88  14:33  Marauder  
  88  14:38  Command Center  
  89  14:48  Marine  
  89  14:49  Marine  
  89  14:50  Marine  
  81  14:55  Marauder, Viking  
  68  15:06  Marine  
  68  15:07  Marine  
  63  15:08  Ghost Academy, Marine  
  55  15:32  Orbital Command  
  49  15:42  Refinery  
  47  15:43  Refinery  
  47  15:46  Supply Depot  
  47  15:47  Refinery  
  45  15:59  Barracks  
  45  16:01  Refinery  
  13  16:39  Refinery  
  13  16:41  Supply Depot  
Show
View Real Time Build Order
Export as new Build Order

IA (Élite) Protoss 

Build Orders: Mass Adepts 

Get SALT Encoding   

  12  0:01  Probe  
  13  0:13  Probe  
  14  0:21  Pylon  
  14  0:25  Probe  
  15  0:35  Probe  
  16  0:43  Probe  
  16  0:48  Assimilator  
  17  0:52  Gateway  
  17  0:53  Probe  
  18  1:01  Pylon, Probe  
  18  1:09  Probe  
  20  1:20  Probe  
  21  1:40  Gateway  
  21  1:41  Probe  
  21  1:42  Cybernetics Core, Zealot  
  24  1:51  Pylon  
  24  1:53  Probe  
  25  2:02  Probe  
  26  2:09  Zealot  
  26  2:10  Probe  
  29  2:21  Warp Gate  
  27  2:27  Adept  
  29  2:36  Adept, Probe  
  30  2:48  Gateway, Probe  
  31  2:53  Zealot  
  33  2:58  Gateway  
  31  3:06  Stalker  
  31  3:14  Adept  
  31  3:34  Adept  
  31  3:36  Zealot  
  31  3:40  Pylon  
  35  3:41  Probe  
  35  3:44  Adept  
  38  3:48  Adept  
  36  4:03  Zealot  
  36  4:04  Adept  
  40  4:22  Adept  
  40  4:23  Adept  
  38  4:36  Pylon  
  38  4:37  Adept  
  38  4:38  Adept  
  40  4:42  Adept x2, Probe  
  45  4:57  Adept  
  45  4:58  Zealot  
  49  5:02  Adept, Stalker  
  53  5:18  Stalker  
  53  5:19  Pylon  
  53  5:21  Assimilator  
  55  5:37  Stalker x2, Zealot  
  61  5:42  Zealot  
  63  5:51  Pylon  
  63  5:59  Twilight Council  
  62  6:26  Pylon  
  62  6:40  Templar Archives  
  62  7:05  Forge  
  62  7:06  Nexus  
  62  7:16  High Templar  
  64  7:25  Sentry  
  66  7:45  High Templar  
  66  7:46  Forge  
  68  8:07  Robotics Facility  
  68  8:15  Probe  
  69  8:20  Probe  
  69  8:23  Probe  
  70  8:27  Stalker  
  70  8:31  Probe  
  70  8:32  Probe  
  74  8:36  Assimilator  
  74  8:37  Nexus  
  75  8:44  Probe  
  75  8:46  Probe  
  77  8:51  Stalker  
  79  8:56  Probe  
  79  8:58  Probe, Observer  
  79  9:02  Stalker  
  84  9:08  Probe  
  85  9:11  Probe  
  85  9:14  Pylon  
  86  9:19  Stalker  
  86  9:20  Probe  
  86  9:21  Probe  
  90  9:26  Sentry  
  90  9:30  Probe  
  92  9:32  Probe  
  94  9:38  Pylon, Probe  
  94  9:42  Psionic Storm  
  95  9:46  Probe  
  95  9:48  Protoss Ground Weapons Level 1  
  95  9:52  Probe  
  97  9:54  Probe x2  
  99  10:04  Protoss Ground Armor Level 1, Probe  
  99  10:07  Probe  
  101  10:09  Probe  
  88  10:16  Probe  
  88  10:17  Zealot  
  88  10:20  Probe, High Templar, Zealot  
  88  10:21  Probe  
  77  10:28  Probe  
  77  10:30  Probe  
  77  10:33  Probe  
  80  10:37  Zealot  
  80  10:39  High Templar  
  80  10:40  Assimilator  
  80  10:41  Probe  
  80  10:42  Assimilator  
  83  10:44  Probe  
  83  10:45  Stalker, Probe  
  87  10:51  Stalker  
  87  10:53  Probe  
  87  10:55  Probe  
  87  10:56  Archon, Zealot  
  92  10:57  Probe  
  94  11:05  Probe  
  94  11:08  Assimilator, Zealot  
  94  11:09  Probe  
  94  11:10  Probe  
  99  11:11  High Templar  
  99  11:12  Zealot  
  99  11:17  Probe  
  96  11:21  Probe, High Templar  
  91  11:28  Stalker  
  91  11:30  Probe  
  91  11:31  Probe  
  91  11:32  Adept  
  83  11:33  Probe  
  83  11:38  Sentry  
  86  11:45  Archon  
  86  11:46  Probe  
  86  11:47  Pylon  
  86  11:51  Pylon, Zealot  
  86  11:52  High Templar  
  86  11:53  Zealot  
  92  11:56  Zealot  
  94  12:10  Immortal  
  94  12:11  Stalker  
  94  12:13  High Templar  
  94  12:15  Zealot  
  104  12:16  Stalker  
  106  12:31  Protoss Ground Weapons Level 2  
  106  12:32  Archon  
  106  12:35  Stalker, Gateway, Zealot  
  110  12:37  Zealot  
  110  12:38  Pylon  
  110  12:39  Nexus  
  112  12:46  High Templar  
  112  12:49  Immortal  
  112  12:50  High Templar  
  120  12:52  Sentry  
  120  12:55  Stalker  
  124  13:02  Pylon  
  123  13:07  Archon  
  123  13:11  Adept  
  123  13:12  Sentry  
  127  13:13  Charge  
  127  13:18  High Templar  
  129  13:22  High Templar, Warp Prism  
  131  13:29  Adept, Pylon  
  131  13:31  Stalker  
  131  13:32  Stalker, Gateway  
  138  13:50  Adept, Zealot  
  138  13:52  Pylon, Probe, Archon  
  138  13:53  Probe x2  
  138  13:54  Immortal  
  138  13:55  Sentry, Stalker  
  149  13:57  Stalker  
  155  14:10  Stalker  
  155  14:11  Pylon, Nexus  
  155  14:12  Assimilator  
  155  14:13  Stalker  
  155  14:15  Assimilator  
  159  14:18  Stalker  
  161  14:30  Stalker, Probe  
  163  14:32  Stalker, Observer  
  163  14:33  Photon Cannon, Blink  
  166  14:38  Sentry  
  166  14:42  Pylon  
  166  14:44  Pylon  
  166  14:45  Robotics Facility  
  168  14:46  Observer  
  168  14:47  Photon Cannon  
  168  14:48  Stalker  
  168  14:50  High Templar  
  168  14:52  Pylon  
  160  14:56  High Templar  
  163  15:02  Protoss Ground Armor Level 2  
  163  15:04  Stalker  
  163  15:06  Photon Cannon, Warp Prism  
  162  15:07  Probe  
  162  15:10  Photon Cannon  
  162  15:13  Photon Cannon  
  165  15:15  Photon Cannon  
  165  15:20  Stargate  
  165  15:27  Assimilator  
  165  15:32  Immortal  
  165  15:34  Probe  
  165  15:35  Zealot x2  
  172  15:36  Zealot  
  172  15:37  High Templar  
  172  15:38  Pylon  
  172  15:40  Zealot  
  172  15:41  Robotics Bay  
  175  15:43  Assimilator, High Templar  
  175  15:45  Nexus  
  171  15:55  Zealot  
  171  15:56  Zealot  
  167  15:59  Zealot  
  167  16:00  High Templar, Archon  
  171  16:09  High Templar  
  169  16:15  Zealot  
  169  16:16  Stalker, Zealot  
  169  16:17  Zealot  
  127  16:26  Archon  
  127  16:29  Adept  
  127  16:32  High Templar  
  115  16:33  Stalker  
  115  16:37  High Templar  
  115  16:39  Zealot  
  113  16:42  Probe, Zealot  
  115  16:48  Sentry, Immortal  
  115  16:49  Sentry  
  121  16:58  Zealot  
  121  17:01  Immortal  
  125  17:02  Zealot  
  125  17:04  Zealot  
  125  17:05  Archon, Zealot  
  131  17:08  Stalker  
  131  17:09  Adept  
  131  17:11  Stalker  
  137  17:19  High Templar  
  139  17:23  Zealot  
  139  17:25  High Templar, Zealot  
  139  17:27  Immortal  
  139  17:29  Zealot  
  151  17:32  Zealot  
  139  17:40  Zealot  
  139  17:43  Zealot  
  121  17:44  Stalker  
  121  17:49  Sentry  
  97  17:52  Stalker  
  97  17:54  Probe x2  
  97  17:55  Zealot  
  97  17:57  Zealot  
  79  17:59  Probe, High Templar  
  79  18:04  Stalker, Probe  
  83  18:06  Probe  
  83  18:12  Adept, Zealot  
  85  18:15  High Templar  
  85  18:17  Zealot  
  85  18:18  Nexus  
  53  18:45  High Templar  
  53  18:46  High Templar  
  42  18:53  High Templar  
  42  18:55  High Templar  
  22  19:24  Nexus  
Show
View Real Time Build Order
Export as new Build Order

IA (Élite) Zerg 

Build Orders: 1 Base Baneling Bust, Pool Only 

Get SALT Encoding   

  12  0:01  Drone  
  13  0:08  Drone  
  14  0:18  Overlord  
  14  0:36  Spawning Pool  
  14  0:38  Extractor  
  14  0:40  Drone  
  13  0:44  Drone  
  13  0:48  Drone  
  15  1:23  Zergling x6, Queen  
  20  1:34  Zergling x2  
  21  1:41  Baneling Nest  
  21  1:44  Drone  
  19  1:55  Zergling x2  
  19  2:06  Zergling x2  
  19  2:16  Zergling x2  
  19  2:27  Drone  
  20  2:30  Zergling x4  
  20  2:34  Zergling x2  
  20  2:45  Overlord  
  20  2:50  Zergling x2  
  20  3:00  Zergling x2  
  19  3:11  Drone  
  7  3:35  Drone  
  5  3:53  Drone  
  6  4:02  Drone  
Show
View Real Time Build Order
Export as new Build Order

IA (Élite) Protoss 

Build Orders:  

Get SALT Encoding   

  12  0:01  Probe  
  13  0:13  Probe  
  14  0:20  Pylon  
  14  0:25  Probe  
  15  0:34  Probe  
  15  0:42  Probe  
  16  0:48  Assimilator  
  17  0:50  Gateway  
  17  0:52  Probe  
  18  0:59  Pylon  
  18  1:00  Probe  
  19  1:08  Probe  
  20  1:18  Probe  
  21  1:37  Gateway  
  21  1:38  Probe  
  21  1:39  Cybernetics Core, Zealot  
  24  1:50  Pylon, Probe  
  25  1:57  Zealot  
  25  2:02  Assimilator  
  25  2:08  Probe  
  27  2:15  Warp Gate  
  27  2:20  Probe  
  28  2:23  Adept  
  28  2:26  Zealot  
  30  2:32  Probe  
  29  2:50  Pylon  
  29  2:53  Adept, Probe, Zealot  
  33  3:04  Probe  
  33  3:06  Robotics Facility  
  32  3:20  Zealot  
  32  3:23  Adept  
  34  3:35  Probe  
  35  3:47  Adept  
  35  3:51  Sentry  
  35  4:02  Pylon  
  29  4:20  Probe  
  29  4:23  Stalker  
  27  4:24  Adept  
  26  4:33  Probe  
  26  4:41  Adept  
  26  4:44  Stalker  
  26  4:45  Probe  
  24  4:57  Probe  
  23  5:01  Zealot  
  21  5:22  Stalker  
Show
View Real Time Build Order
Export as new Build Order

IA (Élite) Terran 

Build Orders:  

Get SALT Encoding   

  12  0:01  SCV  
  13  0:13  SCV  
  14  0:19  Supply Depot  
  14  0:25  SCV  
  15  0:41  SCV  
  16  0:43  Barracks  
  16  0:48  Refinery  
  16  0:53  SCV  
  17  1:03  Barracks  
  17  1:05  SCV  
  18  1:17  SCV  
  19  1:30  Marine, Orbital Command  
  20  1:43  Barracks  
  20  1:48  Marine  
  20  1:50  Marine  
  22  1:58  Supply Depot  
  22  1:59  SCV  
  22  2:06  Marine  
  23  2:08  Barracks Tech Lab  
  23  2:20  SCV  
  23  2:25  Barracks Tech Lab  
  23  2:26  Marine  
  23  2:29  Marine  
  24  2:32  Stimpack  
  25  2:43  Supply Depot, Marine, Concussive Shells  
  26  2:44  Marine  
  26  2:47  Marine  
  25  3:01  Marine  
  25  3:02  Marine, SCV  
  25  3:05  Marine  
  26  3:19  Marine  
  27  3:20  Marine  
  27  3:23  Marine  
  29  3:29  Supply Depot  
  26  3:37  Marine x2  
  26  3:39  SCV  
  26  3:41  Marine  
  26  3:53  Factory  
  26  3:54  Marine  
  27  3:56  Marauder, SCV  
  27  3:59  Marine  
  27  4:01  Refinery  
  29  4:08  SCV  
  28  4:13  Marauder  
  28  4:17  Marine  
  30  4:20  SCV  
  32  4:28  Marine  
  28  4:32  SCV  
  28  4:34  Marauder, Marine  
  31  4:41  Starport  
  29  4:46  Marine  
  29  4:48  SCV  
  28  4:53  Marauder  
  28  4:55  Marine  
  30  5:00  SCV  
  30  5:04  Marine  
  30  5:13  Marauder  
  30  5:14  Marine  
  29  5:21  Marine  
  26  5:30  SCV  
  26  5:31  Marine  
  26  5:35  Marauder  
  24  5:39  Marine  
  25  5:49  Marine  
  22  5:55  Marine  
  22  5:57  Marine  
  22  6:07  Marine  
  23  6:13  Marine  
  23  6:15  Marine  
  24  6:25  Marine  
  21  6:31  Marine  
  20  6:39  Marine  
  21  6:43  Marauder  
  23  6:49  Marine  
  19  6:56  Marine  
  17  7:03  SCV  
  17  7:04  Marine  
  13  7:15  SCV  
Tags
 
Add a new tag
Caveats
  • Supply blocks, unpowered buildings, or Contaminate may cause inaccurate times.
  • Supply counts are checked every 10 seconds.